 Dungeon Crawl Stone Soup version 0.32-a0-596-g69a5a37 (webtiles) character file.

Game seed: 4712440620795206578

74 Dorkslayer the Covered (level 3, 0/30 HPs)
             Began as a Demigod Fighter on Mar 2, 2024.
             Killed by an exploding quokka (29 damage)
             ... ignited by their inner flame
             ... on level 3 of the Dungeon.
             The game lasted 00:03:59 (1564 turns).

Dorkslayer the Covered (Demigod Fighter)            Turns: 1564, Time: 00:03:59

Health: 0/30       AC:  6    Str: 21    XL:     3   Next: 85%
Magic:  5/5        EV:  9    Int: 10    God:
Gold:   132        SH:  4    Dex: 13    Spells: 2/2 levels left

rFire   . .          .
                       - Unarmed
rCold   . . .        b - +0 buckler
rNeg    . . .        a - +0 scale mail
rPois   .            (no helmet)
rElec   .            (no cloak)
rCorr   .            (no gloves)
SInv    .            (no boots)
Will    .....        (no amulet) Stlth
                     (no ring)
HPRegen 0.25/turn    (no ring)
MPRegen 0.09/turn

%: no passive effects
@: mighty
A: high MP 1, forlorn, divine attributes
a: no special abilities


You were on level 3 of the Dungeon.
You visited 1 branch of the dungeon, and saw 3 of its levels.

You collected 132 gold pieces.

Inventory:

Hand Weapons
 i - a +0 morningstar
Armour
 a - a +0 scale mail (worn)
 b - a +0 buckler (worn)
Talismans
 e - a blade talisman
Scrolls
 n - a scroll of enchant armour {unknown}
Potions
 g - a potion of degeneration {unknown}
 h - 3 potions of curing {unknown}
 j - a potion of attraction {unknown}
 l - a potion of invisibility {unknown}
 m - a potion of heal wounds {unknown}


   Skills:
 + Level 2.9 Fighting
 + Level 3.1 Armour
 * Level 1.2 Dodging
 + Level 2.9 Shields
 + Level 2.4 Unarmed Combat
 * Level 1.0 Shapeshifting


You had 2 spell levels left.
You didn't know any spells.
Your spell library contained the following spells:

 Spells                   Type           Power      Damage    Failure   Level
 Inner Flame              Hex/Fire       0%         N/A       98%         3
 Flame Wave               Conj/Fire      0%         2d4       100%        4
 Sticky Flame             Fire/Alch      0%         2d4       100%        4


Dungeon Overview and Level Annotations

Branches:
Dungeon (3/15)


Innate Abilities, Weirdness & Mutations

You have an increased reservoir of magic. (+10% MP)
You shall have no god before yourself.
Your divine heritage dramatically boosts your attributes as you level up.


Message History

The quokka bites you but does no damage.
Found a war axe.
Found a scroll labelled IMMI MITHRU LYT.
You block the quokka's attack.
An orc comes into view. It is wielding a +0 whip.
The orc shouts!
You hear a shout!
An orc comes into view. It is wielding a +0 dagger.
An orc comes into view. It is wielding a +0 mace.
Found a scroll of immolation.
The quokka barely misses you.
Found a morningstar.
The quokka closely misses you.
Found a scroll labelled VAKIPI KIVY.
An adder comes into view.
The adder hisses angrily.
The quokka twitches its whiskers.
An orc priest comes into view. It is wielding a +0 flail.
Found 8 stones.
The adder bites you but does no damage. The orc hits you but does no damage.
The adder attacks as it pursues you! The adder barely misses you.
The orc hits you but does no damage.
You feel very mighty all of a sudden. The adder bites you.
The orc barely misses you. You block the orc's attack.
You barely miss the adder. The adder closely misses you.
The adder barely misses you. You block the orc's attack.
You hit the adder.
The adder is heavily wounded.
You block the orc's attack. You block the adder's attack.
A bombardier beetle comes into view.
The orc barely misses you. The orc hits you but does no damage.
The orc hits you but does no damage.
You punch the adder!
You kill the adder!
The orc completely misses you.
You closely miss the quokka. The quokka closely misses you.
The orc attacks as it pursues you! You block the orc's attack.
You punch the quokka!
The quokka explodes!
The fiery explosion engulfs you!!
Ouch! That really hurt!
You die...

#########..#
.......<#..#
#######.#... #
#.#..# ##.# #.#..#
....# #.#..###..#
#.#.......##
#.####.#.##.#...###
#......@oo#....?)..
######.o§o.........
###§§.###.###.
#..)# ... #.#.# ..#
#.#.. ... #...#.
.#. ##.?#.. .(# #.


You could see an orc priest and 3 orcs.

Vanquished Creatures
  3 adders
  A dart slug (D:2)
  An endoplasm (D:1)
  A giant cockroach (D:2)
  4 goblins (D:1)
  4 hobgoblins
  5 quokkas
  8 ball pythons
  5 bats
  3 frilled lizards (D:1)
  3 kobolds (D:1)
  8 rats
46 creatures vanquished.

Notes
Turn   | Place    | Note
-------+----------+-------------------------------------------
     0 | D:1      | Dorkslayer the Demigod Fighter began the quest for the Orb.
     0 | D:1      | Reached XP level 1. HP: 18/18 MP: 3/3
   191 | D:1      | Reached XP level 2. HP: 25/25 MP: 4/4
  1080 | D:2      | Reached XP level 3. HP: 30/30 MP: 5/5
  1095 | D:2      | Reached skill level 3 in Armour
  1095 | D:2      | Reached skill level 1 in Dodging
  1462 | D:2      | Reached skill level 1 in Shapeshifting
  1564 | D:3      | Killed by an exploding quokka... ignited by their inner
                  | flame

Illustrated notes

Levels and vault maps discovered:
D:1:      psy_arrival_spokes, layout_basic, basic_ecumenical_altar,
          serial_corexii_hall, corexii_hall_statues_x, chequers_hall_statues_y,
          chequers_garden, minmay_unequal
D:2:      minmay_chambers_of_ones, layout_basic, basic_altar,
          minmay_pentomino_q2
D:3:      layout_loops_ring, nicolae_sif_muna_little_library, st_stairs_3,
          kennysheep_generic_room_16

Skill      XL: |  1  2  3 |
---------------+----------+-----
Unarmed Combat | 2 |  2.4
Armour         | 3 |  3.1
Dodging        | 1 |  1.2
Shapeshifting  | 1 |  1.0
Fighting       | |  2.9
Shields        | |  2.9

Action                     || total
---------------------------++-------
  Melee: Unarmed           ||   196
    Use: Scroll            ||     4
         Potion            ||     1
 Armour: Scale mail        ||   150
  Dodge: Dodged            ||    87
  Block: Buckler           ||    39

Table legend: (Time is in decaauts)
 A = Elapsed time spent in this place.
 B = Non-inter-level travel time spent in this place.
 C = Inter-level travel time spent in this place.
 D = Time resting spent in this place.
 E = Time spent auto-exploring this place.
 F = Levels seen in this place.
 G = Mean time per level.
                   A        B        C        D        E       F      G
               +--------+--------+--------+--------+--------+-----+--------+
         Total |   1562 |   1562 |      0 |      0 |    640 |   3 |  520.7 |
       Dungeon |   1562 |   1562 |      0 |      0 |    640 |   3 |  520.7 |
               +--------+--------+--------+--------+--------+-----+--------+

Top non-repeatable levels by time:
     D:1: 802 daAuts
     D:2: 733 daAuts
     D:3: 26 daAuts
